 Dungeon Crawl Stone Soup version 0.17-a0-435-gc4df345 (webtiles) character file.

68 krae the Insei (level 4, 0/42 HPs)
             Began as an Octopode Transmuter on Apr 4, 2015.
             Succumbed to a kobold's poison
             ... on level 3 of the Dungeon.
             The game lasted 00:09:41 (1727 turns).

krae the Insei (Octopode Transmuter)                Turns: 1727, Time: 00:09:41

Health: 0/42       AC: 22    Str:  9      XL:     4   Next: 19%
Magic:  7/7        EV:  2    Int: 16      God:
Gold:   37         SH:  0    Dex:  9 (12) Spells: 2 memorised, 4 levels left

rFire  . . .     SeeInvis .       - Unarmed
rCold  . . .     Clarity  .     (no shield)
rNeg   + + +     SustAb   .     (helmet currently unavailable)
rPois  +         Gourm    .     (no amulet)
rElec  .         Spirit   .     (no ring)
rCorr  .         Warding  .     (no ring)
rMut   .         NoTele   +     (no ring)
MR     .....                    (no ring)
Stlth  +.........               (no ring)
                                (no ring)
                                (no ring)
                                (no ring)

@: lethally poisoned (0 -> -8), tree-form, not resistant to hostile
enchantments, very unstealthy
A: almost no armour, amphibious, 8 rings, (constrict 8), (camouflage 0), blink
1, blurry vision 1, (gelatinous body 0), placid magic 1
a: Blink


You were on level 3 of the Dungeon.
You were not hungry.
You were a tree.
You visited 1 branch of the dungeon, and saw 4 of its levels.

You collected 37 gold pieces.


Innate Abilities, Weirdness & Mutations

You cannot wear most types of armour.
You are amphibious.
You can wear up to eight rings at the same time.
((You can use your tentacles to constrict eight enemies at once.))
((Your skin changes colour to match your surroundings (Stealth).))
((Your rubbery body absorbs attacks (AC +1).))
You can translocate small distances at will.
Scrolls take you a little longer to read.
Your spells are a little easier to cast, but a little less powerful.


   Skills:
 - Level 1.0 Fighting
 - Level 2.0 Dodging
 + Level 4.8 Unarmed Combat
 - Level 2.0 Spellcasting
 - Level 2.0 Transmutations


You had 4 spell levels left.
You knew the following spells:

 Your Spells              Type           Power        Failure   Level  Hunger
z - Beastly Appendage     Trmt           #.....       4%          1    #......
Z - Sticks to Snakes      Trmt           #.........   7%          2    ###....

Inventory:

Hand weapons
 j - a +0 hunting sling
Missiles
 b - 10 arrows
 p - 24 stones (quivered)
Scrolls
 e - a scroll of blinking {unknown}
 i - 2 scrolls of remove curse {unknown}
 m - a scroll of teleportation {unknown}
 o - a scroll of enchant weapon {unknown}
 q - a scroll of enchant armour {unknown}
 r - a scroll of noise {unknown}
Potions
 c - a potion of mutation {!q}
 h - 2 potions of agility {unknown}
 k - a potion of cancellation {unknown}
 l - a potion of poison {unknown}
Books
 d - a book of Changes
Comestibles
 a - 4 bread rations
 n - a chunk of flesh

Dungeon Overview and Level Annotations

Branches:
Dungeon (4/15)
 Temple: D:4-7

Altars:
Okawaru

Annotations:
D:3 herpmino's ghost, average CeHu

#.# #P≈≈♣##
#.# #.#
###P..# #.# #
#.# #.#(###.#
.. ####.#
#.#.(...# ...#
..%..#
#.####..# ...
###### #.#
#Ko...#
##########.#
..#..#
.....<..##.#
#....#
..............
#♣## #
............#
#.#
.............
.(#
..........(..
####
.(..>.....£.
.....######
......# ......
.....


You could see an orc and a kobold.


Message History

You see here a stone.
The orc throws a stone.
The stone hits you.
You see here a stone.
The orc hits you with a flail!
* * * LOW HITPOINT WARNING * * *
You completely miss the orc.
The kobold shouts!
You grab the orc. You constrict the orc. The orc hits you with a flail!
* * * LOW HITPOINT WARNING * * *
Drink which item? (? for menu, Esc to quit)
It was a potion of mutation.
You feel extremely strange.
You feel jittery.
Your vision blurs.
Your connection to magic feels subdued.
You constrict the orc. The orc barely misses you.
Use which ability? (? or * to list)
You blink.
You lose your grip on the orc.
You feel slightly more hungry.
The kobold unwields a whip.
The kobold wields a blowgun.
The kobold shoots a poisoned needle.
The poisoned needle hits you!
You are lethally poisoned!
Drink which item? (? for menu, Esc to quit)
It was a potion of degeneration.
There was something very wrong with that liquid.
You feel clumsy.
* * * LOW HITPOINT WARNING * * *
You feel sick.
The kobold shoots a poisoned needle.
The poisoned needle closely misses you.
The orc throws a stone.
The stone misses you.
Drink which item? (? for menu, Esc to quit)
It was a potion of lignification.
You turn into a tree.
Your roots penetrate the ground.
You die...

Action                   |  1- 3 |  4- 6 || total
-------------------------+-------+-------++-------
Melee: Unarmed           |    91 |    13 ||   104
 Cast: Beastly Appendage |    20 |     1 ||    21
       Sticks to Snakes  |     2 |       ||     2
 Abil: Blink             |       |     1 ||     1
  Use: Potion            |       |     3 ||     3
 Stab: Sleeping          |     3 |       ||     3
  Eat: Chunk             |     3 |       ||     3

Vault maps used:
D:1:      dpeg_arrival_lava_temple_mockup
D:2:      minmay_misc_feat_alley
D:3:      okawaru_metal_pillars_1_2, serial_bayou_pond_d, uniq_iyjb
D:4:      first_bread, kennysheep_generic_room_14

Notes
Turn   | Place    | Note
--------------------------------------------------------------
     0 | D:1      | krae, the Octopode Transmuter, began the quest for the Orb.
     0 | D:1      | Reached XP level 1. HP: 13/13 MP: 3/3
   207 | D:1      | Reached XP level 2. HP: 12/18 MP: 3/5
   799 | D:2      | Reached skill level 4 in Unarmed Combat
   836 | D:2      | Reached XP level 3. HP: 23/23 MP: 4/6
  1211 | D:3      | Found an iron altar of Okawaru.
  1284 | D:3      | Noticed herpmino's ghost (average CeHu)
  1591 | D:3      | Learned a level 2 spell: Sticks to Snakes
  1603 | D:3      | Reached XP level 4. HP: 15/28 MP: 2/7
  1723 | D:3      | HP: 2/28 [orc/flail (7)]
  1724 | D:3      | Gained mutation: You can translocate small distances at will. [potion of mutation]
  1724 | D:3      | Gained mutation: Scrolls take you a little longer to read. [potion of mutation]
  1724 | D:3      | Gained mutation: Your spells are a little easier to cast, but a little less powerful. [potion of mutation]
  1727 | D:3      | Succumbed to a kobold's poison

Vanquished Creatures
  An adder (D:2)
  5 hobgoblins
  7 jackals
  A bat (D:1)
  6 giant cockroaches
  2 giant geckos (D:2)
  3 giant newts
  8 goblins
  6 kobolds
  2 quokkas
  4 rats
45 creatures vanquished.

Vanquished Creatures (collateral kills)
  An adder (D:3)
1 creature vanquished.

Grand Total: 46 creatures vanquished
